 Dungeon Crawl Stone Soup version 0.25.1-9-gc5326a611f (webtiles) character file.

Game seed: 18180352365918685035

1542760 AlexTheUnready the Conqueror (level 27, 184/273 HPs)
             Began as a Hill Orc Gladiator on Nov 9, 2023.
             Was the Champion of the Shining One.
             Escaped with the Orb
             ... and 3 runes!
             The game lasted 03:00:31 (97813 turns).

AlexTheUnready the Conqueror (Hill Orc Gladiator)  Turns: 97813, Time: 03:00:32

Health: 184/273    AC: 47    Str: 30      XL:     27
Magic:  49/49      EV:  9    Int:  6 (7)  God:    the Shining One [******]
Gold:   5364       SH: 32    Dex: 12      Spells: 26/26 levels left

rFire    + + .     SeeInvis +   S - +9 broad axe (holy)
rCold    + + .     Gourm    .   G - +5 tower shield of Tiygu {Int+6 Stlth+}
rNeg     + + +     Faith    +   n - +12 gold dragon scales
rPois    +         Spirit   .   e - +2 helmet
rElec    .         Reflect  .   L - scarf {rC+ rF+}
rCorr    .         Harm     .   T - +2 pair of gloves
MR       ++++.                  H - +2 pair of boots of Taurch {+Inv rN++ MP+9 Int-5}
Stlth    ..........             g - amulet of faith
HPRegen  0.55/turn              Y - ring "Guza" {+Inv MR+ SInv Stlth+}
MPRegen  0.31/turn              P - ring of protection from magic

@: glowing
A: slimy green scales 1, blurry vision 1, deformed body, dopey 1, sense
surroundings 1, inhibited regeneration
0: Orb of Zot
}: 3/15 runes: decaying, silver, gossamer
a: Divine Shield, Cleansing Flame, Summon Divine Warrior, Renounce Religion,
Evoke Invisibility


You escaped.
You worshipped the Shining One.
The Shining One was exalted by your worship.
You were not hungry.

You visited 11 branches of the dungeon, and saw 53 of its levels.
You also visited: Gauntlet and Ice Cave.

You collected 8877 gold pieces.
You spent 3513 gold pieces at shops.

Inventory:

Hand Weapons
 r - the +7 captain's cutlass {speed, disarm}
   (You took it off a boggart on level 1 of the Depths)

   Attacks with this weapon are significantly faster.
 J - a +9 executioner's axe of holy wrath
 M - a +6 broad axe of flaming
 S - a +9 broad axe of holy wrath (weapon)
Missiles
 d - 3 throwing nets
 s - 7 silver boomerangs
 u - 26 silver javelins
 w - 31 boomerangs (quivered)
 O - 12 javelins
Armour
 e - a +2 helmet (worn)
 n - +12 gold dragon scales (worn)
 G - the +5 tower shield of Tiygu (worn) {Int+6 Stlth+}
   (You took it off Louise on level 4 of the Spider Nest)

   It affects your intelligence (+6).
   It makes you more stealthy.
 H - the +2 pair of boots of Taurch (worn) {+Inv rN++ MP+9 Int-5}
   (You bought it in a shop on level 4 of the Dungeon)

   It affects your intelligence (-5).
   It greatly protects you from negative energy.
   It affects your magic capacity (+9).
   It lets you turn invisible.
 L - a scarf of resistance (worn)
 T - a +2 pair of gloves (worn)
Jewellery
 g - an amulet of faith (around neck)
 N - the ring "Daimmown" {Wiz rElec Slay+2}
   (You found it on level 14 of the Dungeon)

   [ring of wizardry]

   It improves your spell success rate.
   It affects your accuracy and damage with ranged weapons and melee attacks
   (+2).
   It insulates you from electricity.
 P - a ring of protection from magic (right hand)
 Y - the ring "Guza" (left hand) {+Inv MR+ SInv Stlth+}
   (You took it off a deep elf death mage on level 3 of the Elven Halls)

   [ring of stealth]

   It affects your resistance to hostile enchantments.
   It lets you see invisible.
   It lets you turn invisible.
   It makes you more stealthy.
Wands
 i - a wand of disintegration (9)
 m - a wand of digging (9)
 A - a wand of acid (4)
Scrolls
 b - 2 scrolls of enchant armour
 c - 10 scrolls of fear
 j - 25 scrolls of remove curse
 o - 21 scrolls of identify
 t - 23 scrolls of teleportation
 v - 13 scrolls of fog
 y - 11 scrolls of blinking
 z - 2 scrolls of holy word
 Q - 5 scrolls of summoning
 X - 11 scrolls of magic mapping
Potions
 a - a potion of ambrosia
 h - 5 potions of cancellation
 k - 2 potions of magic
 l - 6 potions of resistance
 q - 16 potions of curing
 x - 10 potions of heal wounds
 K - 14 potions of haste
 R - 5 potions of lignification
 U - 7 potions of might
Comestibles
 f - 58 rations


   Skills:
 O Level 27 Fighting
 - Level 17.9(18.0) Axes
   Level 2.0(10.5) Maces & Flails
 * Level 15.1 Throwing
 O Level 27 Armour
 - Level 2.4 Dodging
 - Level 25.0 Shields
 O Level 27 Invocations


You had 26 spell levels left.
You didn't know any spells.
Your spell library contained the following spells:

 Spells                   Type           Power        Failure   Level  Hunger
 Animate Skeleton         Necr           N/A          95%         1    ##.....
 Apportation              Tloc           #.....       95%         1    ##.....
 Beastly Appendage        Tmut           #.....       95%         1    ##.....
 Corona                   Hex            #......      95%         1    ##.....
 Foxfire                  Conj/Fire      #...         95%         1    ##.....
 Freeze                   Ice            #...         95%         1    ##.....
 Infusion                 Chrm           #...         95%         1    ##.....
 Shock                    Conj/Air       #...         95%         1    ##.....
 Sting                    Tmut/Pois      #...         95%         1    ##.....
 Summon Butterflies       Summ           #.......     95%         1    ##.....
 Summon Small Mammal      Summ           #...         95%         1    ##.....
 Call Imp                 Summ           #.......     98%         2    ###....
 Corpse Rot               Necr/Air       N/A          98%         2    ###....
 Ensorcelled Hibernation  Hex/Ice        #.....       98%         2    ###....
 Passwall                 Tmut/Erth      #.......     98%         2    ###....
 Poisonous Vapours        Pois/Air       #.....       98%         2    ###....
 Shroud of Golubria       Chrm/Tloc      #.....       98%         2    ###....
 Song of Slaying          Chrm           #.......     98%         2    ###....
 Sticks to Snakes         Tmut           #.......     98%         2    ###....
 Sublimation of Blood     Necr           #.........   98%         2    ###....
 Call Canine Familiar     Summ           #.......     100%        3    ####...
 Confusing Touch          Hex            #.......     100%        3    ####...
 Conjure Flame            Conj/Fire      #.......     100%        3    ####...
 Frozen Ramparts          Ice            #.....       100%        3    ####...
 Gell's Gravitas          Tloc           #.........   100%        3    ####...
 Ignite Poison            Fire/Tmut/Pois #.......     100%        3    ####...
 Mephitic Cloud           Conj/Pois/Air  #.......     100%        3    ####...
 Ozocubu's Armour         Chrm/Ice       #.......     100%        3    ####...
 Portal Projectile        Hex/Tloc       #.....       100%        3    ####...
 Recall                   Summ/Tloc      N/A          100%        3    ####...
 Spectral Weapon          Hex/Chrm       #.......     100%        3    ####...
 Spider Form              Tmut/Pois      #.........   100%        3    ####...
 Static Discharge         Conj/Air       #.......     100%        3    ####...
 Stone Arrow              Conj/Erth      #.....       100%        3    ####...
 Summon Guardian Golem    Hex/Summ       #.......     100%        3    ####...
 Vampiric Draining        Necr           #.........   100%        3    ####...
 Animate Dead             Necr           N/A          100%        4    #####..
 Dispel Undead            Necr           #.......     100%        4    #####..
 Hailstorm                Conj/Ice       #.......     100%        4    #####..
 Ice Form                 Ice/Tmut       #.......     100%        4    #####..
 Petrify                  Tmut/Erth      #.......     100%        4    #####..
 Summon Ice Beast         Ice/Summ       #.......     100%        4    #####..
 Summon Lightning Spire   Summ/Air       #.......     100%        4    #####..
 Agony                    Necr           #.......     100%        5    ######.
 Aura of Abjuration       Summ           #.........   100%        5    ######.
 Blade Hands              Tmut           #.........   100%        5    ######.
 Borgnjor's Vile Clutch   Necr/Erth      #.........   100%        5    ######.
 Excruciating Wounds      Chrm/Necr      #.........   100%        5    ######.
 Fireball                 Conj/Fire      #.........   100%        5    ######.
 Irradiate                Conj/Tmut      #.........   100%        5    ######.
 Lightning Bolt           Conj/Air       #.........   100%        5    ######.
 Metabolic Englaciation   Hex/Ice        #.........   100%        5    ######.
 Summon Demon             Summ           #.........   100%        5    ######.
 Summon Forest            Summ/Tloc      #.........   100%        5    ######.
 Summon Mana Viper        Hex/Summ       #.......     100%        5    ######.
 Yara's Violent Unravell  Hex/Tmut       #.........   100%        5    ######.
 Conjure Ball Lightning   Conj/Air       #.........   100%        6    #######
 Death Channel            Necr           #.........   100%        6    #######
 Dispersal                Tloc           #.........   100%        6    #######
 Eringya's Noxious Bog    Tmut/Pois      #.........   100%        6    #######
 Freezing Cloud           Conj/Ice/Air   #.........   100%        6    #######
 Hydra Form               Tmut           #.........   100%        6    #######
 Ozocubu's Refrigeration  Ice            #.........   100%        6    #######
 Shadow Creatures         Summ           N/A          100%        6    #######
 Simulacrum               Ice/Necr       #.........   100%        6    #######
 Starburst                Conj/Fire      #.........   100%        6    #######
 Statue Form              Tmut/Erth      #........    100%        6    #######
 Dragon Form              Tmut           #.........   100%        7    #######
 Malign Gateway           Summ/Tloc      #.........   100%        7    #######
 Monstrous Menagerie      Summ           #.........   100%        7    #######
 Ring of Flames           Chrm/Fire      #.........   100%        7    #######
 Summon Greater Demon     Summ           #.........   100%        7    #######
 Summon Hydra             Summ           #.........   100%        7    #######
 Borgnjor's Revivificati  Necr           #.........   100%        8    #######
 Chain Lightning          Conj/Air       #.........   100%        8    #######
 Controlled Blink         Tloc           N/A          100%        8    #######
 Disjunction              Tloc           #.........   100%        8    #######
 Ignition                 Fire           #.........   100%        8    #######
 Lehudib's Crystal Spear  Conj/Erth      #.........   100%        8    #######
 Summon Horrible Things   Summ           #.........   100%        8    #######
 Absolute Zero            Ice            #.........   100%        9    #######
 Fire Storm               Conj/Fire      #.........   100%        9    #######
 Tornado                  Air            #.........   100%        9    #######


Dungeon Overview and Level Annotations

Branches:
Dungeon (15/15)            Temple (1/1) D:4            Lair (6/6) D:11
  Swamp (4/4) Lair:4       Spider (4/4) Lair:2        Slime (0/5) Lair:5
    Orc (2/2) D:11            Elf (3/3) Orc:2        Vaults (5/5) D:13
  Crypt (3/3) Vaults:2       Tomb (0/3) Crypt:3      Depths (5/5) D:15
    Zot (5/5) Depths:5      IceCv (visited)         Gauntlet (visited)

Altars:
Ashenzari
Cheibriados
Dithmenos
Elyvilon
Fedhas
Gozag
Hepliaklqana
Kikubaaqudgha
Makhleb
Nemelex Xobeh
Okawaru
Qazlal
Ru
Sif Muna
Trog
Uskayaw
Vehumet
Wu Jian
Xom
Yredelemnul
Zin
The Shining One
Jiyva
Lugonu

Shops:
D:4 [   D:5 :%(*[   D:9 (   D:11 (}%[   Orc:2 ?([?   Elf:3 :   Vaults:1 [
Vaults:2 ?!   Vaults:4 :   Vaults:5 ?   Depths:2 =}=   Depths:4 ?[!*%
Depths:5 (**

Portals:
Hell: Depths:1 Depths:2 Depths:3 Depths:4 Depths:5
Abyss: Depths:1 Depths:4
Pandemonium: Depths:3 Depths:4
Ziggurat: Depths:1

Annotations:
D:11 4 runed translucent doors


Innate Abilities, Weirdness & Mutations

You are partially covered in slimy green scales. (AC +2)
Scrolls take you a little longer to read.
Armour fits poorly on your strangely shaped body.
You are dopey. (Int -2)
You passively map a small area around you.
You do not regenerate when monsters are visible.


Message History

You kill the hellion!
The Shining One accepts your kill.
You feel better.
There is an open door here.
There is an open door here.
There is a staircase leading out of the dungeon here.
Really quaff the potion of mutation?
You feel extremely strange.
You feel a little more calm.
You feel frail.
You feel agile.
Your urge to shout disappears.
You feel a strange attunement to the structure of the dungeons.
You feel clever.
Really quaff the potion of mutation?
You feel extremely strange.
You feel a little healthier.
You feel healthier.
You feel stupid.
You feel more encumbered by your armour.
You feel stupid.
Your vision blurs.
Your regeneration stops near monsters.
Slimy green scales grow over part of your body.
Unknown command.
You have escaped!

### ###.# #...#
#.#.# ## #######
#.#.# #. #@'...#
#.#รท# #. #.#.#.#
#.#.# #. #.#.#.#
#.#.# #. #.#.#.#
#.#.# #.
#.#.#.###.#.######
#.#.#.#...........
#.#.#.#####.######
#.#.#.#......>....
#.#.#.#.###...####


There were no monsters in sight!

Vanquished Creatures
  3 orbs of fire
  Mara (Crypt:1)
  4 ancient liches (Zot:5)
  The ghost of corvin the Brawler, a veteran TrBe of Trog (Vaults:3)
  Xtahua (Vaults:5)
  4 Killer Klowns
  A curse toe (Zot:5)
  9 caustic shrikes (Depths:3)
  Nikola (Depths:1)
  10 golden dragons
  3 bone dragons
  A profane servitor (Crypt:3)
  Jory (Crypt:3)
  6 liches
  2 electric golems (Zot:5)
  2 pandemonium lords
  9 tentacled monstrosities
  23 Orb Guardians
  2 Hell Sentinels
  Jorgrun (D:12)
  2 deep elf blademasters (Elf:3)
  2 deep elf master archers (Elf:3)
  9 quicksilver dragons
  6 sphinxes
  Gastronok (D:12)
  4 titans
  Frances (Swamp:1)
  11 death cobs
  4 ancient champions
  9 tengu reavers
  14 storm dragons
  Kirke (D:11)
  3 thorn hunters
  4 draconian monks
  8 shadow dragons
  A blood saint (D:7)
  A daeva (Depths:1)
  Louise (Spider:4)
  11 ghost moths
  9 deep elf sorcerers
  2 iron dragons
  6 draconian knights
  8 fire giants
  3 revenants
  16 vault wardens
  Aizul (Spider:4)
  A balrug (Depths:1)
  9 draconian scorchers
  9 frost giants
  6 deep elf elementalists (Elf:3)
  18 ironheart preservers
  4 emperor scorpions
  14 ghouls
  9 draconian stormcallers
  4 draconian shifters
  2 spriggan defenders (Depths:3)
  2 draconian annihilators
  18 stone giants
  17 very ugly things
  3 war gargoyles
  4 entropy weavers
  8 deep elf demonologists
  7 black draconians
  14 vampire knights
  12 white draconians
  A minotaur (Gauntlet)
  8 yellow draconians
  4 deep elf annihilators (Elf:3)
  14 green draconians
  13 purple draconians
  2 dire elephants (Lair:6)
  8 red draconians
  Snorg (D:13)
  10 spark wasps
  4 eidola
  24 ettins
  2 blizzard demons (D:7)
  9 fire dragons
  7 deep elf death magi
  A quicksilver dragon zombie (Crypt:2)
  19 jiangshi
  4 deep elf high priests
  19 yaktaur captains
  A great orb of eyes (shapeshifter) (Depths:3)
  9 great orbs of eyes
  11 ice dragons
  5 rakshasas
  23 hydras
  Erolcha (D:9)
  2 catoblepae
  An anaconda (Lair:6)
  2 ghost crabs
  An anaconda (shapeshifter) (Vaults:4)
  5 spriggan air magi
  41 vault guards
  75 two-headed ogres
  14 alligators
  4 shambling mangroves
  40 dancing weapons
  8 centaur warriors
  10 death knights
  13 deep troll shamans
  4 tengu warriors
  9 death yaks
  28 ogre magi
  A titan zombie (Crypt:3)
  9 deep troll earth magi
  4 spriggan berserkers
  8 vampire magi
  3 orc high priests (Orc:2)
  2 soul eaters
  A hell knight (Crypt:3)
  30 deep elf knights
  A titan skeleton (Depths:1)
  15 shadow wraiths
  44 skeletal warriors
  5 sun demons
  12 spriggans
  An unseen horror (shapeshifter) (Vaults:2)
  A sixfirhy (Gauntlet)
  44 deep trolls
  6 iron trolls (Depths:3)
  An iron giant zombie (Crypt:1)
  A quicksilver dragon simulacrum (Crypt:3)
  A shadow demon (Depths:3)
  A torturous demonspawn (D:7)
  3 unseen horrors
  10 flayed ghosts
  2 spriggan druids
  5 glowing orange brains
  An anaconda skeleton (Crypt:2)
  9 ironbrand convokers
  A wolf spider zombie (Crypt:1)
  15 swamp dragons
  8 phantasmal warriors
  A lindwurm (Swamp:4)
  A golden dragon skeleton (Crypt:2)
  3 shadow dragon zombies
  8 necromancers
  14 orc knights
  A harpy (shapeshifter) (Vaults:2)
  6 wizards
  17 deep elf archers
  2 orange crystal statues
  9 harpies
  A mana viper (shapeshifter) (Elf:2)
  69 deep elf magi
  24 orb spiders
  9 orc sorcerers
  A shadow dragon skeleton (Vaults:3)
  3 manticores
  39 wolf spiders
  A cyclops (shapeshifter) (Depths:2)
  50 ugly things
  4 elephants (Lair:6)
  41 moths of wrath
  19 cyclopes
  A frost giant zombie (Vaults:3)
  Maurice (D:13)
  A fire giant skeleton (Vaults:4)
  A moth of wrath (shapeshifter) (Vaults:5)
  A guardian serpent (Spider:3)
  2 rust devils
  An ice statue (IceCv)
  2 black mambas (Lair:6)
  2 frost giant skeletons (Vaults:3)
  21 vault sentinels
  2 stone giant skeletons
  Psyche (D:8)
  2 eyes of devastation (shapeshifter)
  A torpor snail (Spider:3)
  An alligator snapping turtle zombie (Crypt:1)
  15 spiny frogs
  A spiny frog (shapeshifter) (Vaults:2)
  8 komodo dragons
  A storm dragon simulacrum (Crypt:2)
  6 centaur skeletons
  12 demonic crawlers
  Maggie (D:8)
  A rime drake (shapeshifter) (Vaults:1)
  15 freezing wraiths
  A komodo dragon (shapeshifter) (Vaults:3)
  2 kobold demonologists (D:12)
  A hellion (D:1)
  2 rime drakes
  75 yaktaurs
  A tormentor (D:1)
  A yaktaur (shapeshifter) (Vaults:2)
  A troll (shapeshifter) (Vaults:5)
  A spectral harpy (Crypt:3)
  7 trolls
  A meliai (Gauntlet)
  A sea snake skeleton (Crypt:2)
  2 tengu conjurers (Depths:4)
  A meliai (shapeshifter) (Vaults:2)
  A polar bear (shapeshifter) (Vaults:3)
  3 large abominations
  31 hornets
  10 tyrant leeches
  2 shadow dragon simulacra (Crypt:2)
  A harpy skeleton (Crypt:2)
  Prince Ribbit (D:8)
  33 jumping spiders
  A hydra skeleton (Crypt:1)
  A wolf spider simulacrum (Crypt:2)
  17 polar bears
  A sphinx simulacrum (Vaults:3)
  An alligator zombie (Crypt:2)
  3 frost giant simulacra (Crypt:2)
  A stone giant simulacrum (Crypt:2)
  17 blink frogs
  12 bog bodies
  A slime creature (shapeshifter) (Vaults:5)
  49 slime creatures
  A human simulacrum (Vaults:2)
  2 ice dragon zombies (Depths:1)
  4 hippogriffs
  A vampire (D:12)
  5 wyverns
  A fire giant simulacrum (Depths:1)
  28 tarantellas
  A redback (shapeshifter) (Depths:2)
  A fire dragon skeleton (Depths:1)
  3 air elementals
  7 shadows
  An alligator skeleton (Crypt:2)
  63 flying skulls
  46 redbacks
  A spriggan skeleton (Depths:1)
  15 wraiths
  42 yaks
  Eustachio (D:6)
  A ynoxinul (Gauntlet)
  2 dire elephant simulacra (Crypt:2)
  6 water elementals
  4 hogs
  A deep troll skeleton (Depths:1)
  5 basilisks
  A hog (shapeshifter) (Vaults:1)
  A hungry ghost (D:14)
  2 chaos spawn
  2 fire elementals
  14 vampire mosquitoes
  7 small abominations
  6 wargs
  A wind drake skeleton (Crypt:1)
  A minotaur simulacrum (Crypt:2)
  A swamp worm (shapeshifter) (Vaults:3)
  A soldier ant (D:14)
  20 swamp worms
  19 insubstantial wisps
  2 hydra simulacra (Crypt:2)
  4 acid dragons
  A water moccasin (shapeshifter) (Vaults:5)
  12 water moccasins
  3 floating eyes (Elf:2)
  38 orc warriors
  9 porcupines
  A meliai simulacrum (D:14)
  2 phantoms
  6 ice beasts
  A black bear (D:5)
  A sky beast (D:13)
  2 eyes of draining (shapeshifter)
  11 swamp drakes
  12 necrophages
  50 ogres
  An eye of draining (Depths:3)
  7 boggarts
  17 wolves (IceCv)
  A spriggan simulacrum (Depths:1)
  14 centaurs
  2 ice dragon simulacra (Crypt:2)
  2 elf skeletons (Vaults:3)
  14 crocodiles
  A salamander zombie (Crypt:2)
  A big kobold (shapeshifter) (Depths:2)
  A draconian zombie (Crypt:1)
  19 bullfrogs
  A big kobold (D:11)
  2 earth elementals (Elf:3)
  A gnoll sergeant (D:9)
  A wyvern zombie (D:8)
  2 human skeletons (Vaults:4)
  2 scorpions
  2 water moccasin skeletons
  12 killer bees (D:9)
  An elf simulacrum (Vaults:3)
  7 wights
  3 electric eels
  12 crimson imps
  3 howler monkeys
  A bullfrog zombie (D:5)
  A quasit (D:7)
  2 centaur zombies
  2 bullfrog skeletons
  4 hounds
  5 jellies
  17 orc priests
  Crazy Yiuf (D:6)
  25 orc wizards
  4 iron imps (Gauntlet)
  8 iguanas
  12 worker ants
  A hound zombie (D:9)
  3 hound skeletons
  2 worker ant zombies
  16 gnolls
  A howler monkey skeleton (D:11)
  17 adders
  A tengu simulacrum (Crypt:2)
  An ogre simulacrum (Crypt:2)
  4 shadow imps
  A white imp (Zot:5)
  3 ufetubi (Gauntlet)
  5 oozes (D:9)
  An adder zombie (D:5)
  An adder skeleton (D:3)
  2 worms (D:2)
  A barachi skeleton (Crypt:2)
  8 leopard geckos
  91 orcs
  3 bats
  7 giant cockroaches
  7 goblins
  11 hobgoblins
  9 jackals
  17 kobolds
  5 quokkas
  A dart slug zombie (Crypt:2)
  4 frilled lizards
  2 kobold simulacra (Crypt:2)
  A leopard gecko skeleton (D:5)
  3 rats
  A spectral orc (D:7)
  3 briar patches (Swamp:4)
  A bush (Lair:1)
  2 crawling corpses (Elf:3)
  3 fungi
  13 plants
2728 creatures vanquished.

Vanquished Creatures (collateral kills)
  A pandemonium lord (D:11)
  An orb of fire (Zot:3)
  Bai Suzhen (Swamp:4)
  Arachne (Spider:4)
  4 Orb Guardians
  A quicksilver dragon (Zot:3)
  A death cob (Zot:3)
  Donald (Crypt:1)
  A draconian monk (Zot:5)
  A draconian shifter (Zot:5)
  A draconian annihilator (Zot:5)
  A spriggan defender (Depths:3)
  A green draconian (Zot:5)
  2 dire elephants (Lair:6)
  A black draconian (Zot:5)
  A spark wasp (Spider:4)
  A spriggan air mage (Depths:3)
  2 tengu warriors (Depths:3)
  A glowing orange brain (Depths:3)
  2 orb spiders (Spider:4)
  A wolf spider (Spider:4)
  A spiny frog (Swamp:4)
  A red devil (D:11)
  A jumping spider (Spider:4)
  2 meliai (Gauntlet)
  A tyrant leech (Swamp:1)
  An ice dragon zombie (Crypt:1)
  A hornet (Spider:4)
  2 bog bodies
  A redback (Spider:4)
  2 insubstantial wisps (Swamp:1)
  A swamp worm (Swamp:4)
  A swamp drake (Swamp:4)
42 creatures vanquished.

Vanquished Creatures (others)
  A dancing weapon (Vaults:5)
  A deep elf archer (Elf:2)
  2 lindwurms (Swamp:4)
  2 deep elf magi
  A jumping spider (Spider:3)
  2 hornets
  A spriggan (Swamp:2)
  2 swamp drakes (Swamp:4)
  A briar patch (Swamp:4)
  6 fungi (Lair:6)
  11 plants
30 creatures vanquished.

Grand Total: 2800 creatures vanquished

Notes
Turn   | Place    | Note
-------+----------+-------------------------------------------
     0 | D:1      | AlexTheUnready the Hill Orc Gladiator began the quest for
                  | the Orb.
     0 | D:1      | Reached XP level 1. HP: 18/18 MP: 1/1
   358 | D:1      | Reached XP level 2. HP: 21/25 MP: 2/2
   648 | D:1      | You fall into a shaft and drop 1 floor!
   930 | D:3      | Reached skill level 5 in Axes
   930 | D:3      | Reached skill level 1 in Armour
   930 | D:3      | Reached XP level 3. HP: 26/30 MP: 3/3
  1184 | D:3      | Reached XP level 4. HP: 37/38 MP: 4/4
  1212 | D:3      | Found a stormy altar of Qazlal.
  2001 | D:3      | Reached XP level 5. HP: 35/45 MP: 5/5
  2108 | D:3      | Found a shimmering altar of Xom.
  2784 | D:2      | Found an opulent altar of Gozag.
  3901 | D:2      | Found a shadowy altar of Dithmenos.
  3901 | D:2      | Noticed a shadow
  3903 | D:2      | Found a hazy altar of Hepliaklqana.
  4671 | D:4      | Reached XP level 6. HP: 52/52 MP: 6/6
  4774 | D:4      | Found a staircase to the Ecumenical Temple.
  4809 | D:4      | Found Isitubli's Antique Armour Emporium.
  4823 | Temple   | Entered the Ecumenical Temple
  4926 | Temple   | Became a worshipper of the Shining One
  5649 | D:4      | Reached XP level 7. HP: 56/60 MP: 7/7
  5739 | D:5      | Entered Level 5 of the Dungeon
  5886 | D:5      | Found Pinko's Food Shop.
  5887 | D:5      | Found Gerapnag's Assorted Antiques.
  5891 | D:5      | Found Opemm's Armour Shop.
  5892 | D:5      | Found Zyal's Weapon Shop.
  5906 | D:5      | Bought a red potion for 27 gold pieces
  5906 | D:5      | Bought a scroll of identify for 60 gold pieces
  6184 | D:5      | Found a glowing golden altar of the Shining One.
  6228 | D:5      | Reached * piety under the Shining One
  6228 | D:5      | Reached skill level 5 in Fighting
  6313 | D:5      | Found a bloodstained altar of Trog.
  6333 | D:5      | Found Okon Xie's Book Boutique.
  6480 | D:5      | Found a shimmering blue altar of Sif Muna.
  6535 | D:5      | Found a sparkling altar of Nemelex Xobeh.
  6564 | D:5      | Reached XP level 8. HP: 68/68 MP: 8/8
  6772 | D:6      | Found a runed translucent door.
  6773 | D:6      | Noticed Crazy Yiuf
  6877 | D:6      | Found a blossoming altar of Fedhas.
  6937 | D:6      | Reached skill level 10 in Axes
  6956 | D:6      | Noticed Eustachio
  6969 | D:6      | Killed Eustachio
  7169 | D:6      | Found a glowing drain.
  7636 | D:6      | Noticed a hornet
  7642 | D:6      | Paralysed by a hornet for 2 turns
  7644 | D:6      | Killed a hornet
  8018 | D:6      | Killed Crazy Yiuf
  8223 | D:7      | Reached XP level 9. HP: 75/77 MP: 9/9
  8226 | D:7      | Reached ** piety under the Shining One
  8231 | D:7      | Reached skill level 5 in Armour
  8610 | D:7      | Noticed a hornet
  8613 | D:7      | Paralysed by a hornet for 1 turns
  8620 | D:7      | Paralysed by a hornet for 1 turns
  8627 | D:7      | Killed a hornet
  9638 | D:7      | Found a basalt altar of Yredelemnul.
  9851 | D:8      | Noticed Psyche
  9852 | D:8      | Noticed Maggie
  9860 | D:8      | Killed Psyche
  9860 | D:8      | Reached skill level 1 in Shields
  9871 | D:8      | Killed Maggie
  9871 | D:8      | Reached skill level 1 in Invocations
 10069 | D:8      | Found a white marble altar of Elyvilon.
 10323 | D:8      | Reached *** piety under the Shining One
 10325 | D:8      | Found a hide-covered altar of Uskayaw.
 10325 | D:8      | Noticed Prince Ribbit
 10350 | D:8      | Killed Prince Ribbit
 10350 | D:8      | Reached XP level 10. HP: 82/88 MP: 11/11
 10441 | D:8      | Noticed a two-headed ogre
 10455 | D:8      | Killed a two-headed ogre
 10907 | D:8      | Found a bloodstained altar of Trog.
 10907 | D:8      | Found a burning altar of Makhleb.
 11099 | D:9      | Noticed Erolcha
 11898 | D:9      | Killed Erolcha
 11898 | D:9      | Reached skill level 5 in Invocations
 12381 | D:9      | Reached XP level 11. HP: 95/95 MP: 15/15
 12542 | D:9      | Reached **** piety under the Shining One
 12854 | D:9      | Found Paloasaot's Weapon Emporium.
 12924 | D:9      | Found a sparkling altar of Nemelex Xobeh.
 13180 | D:10     | Entered Level 10 of the Dungeon
 13591 | D:10     | Reached skill level 15 in Axes
 13621 | D:10     | Noticed a deep elf mage
 13644 | D:10     | Killed a deep elf mage
 14354 | D:11     | Noticed an unseen horror
 14366 | D:11     | Killed an unseen horror
 14396 | D:11     | Found Yckuhiopt's Weapon Shoppe.
 14398 | D:11     | Found a staircase to the Lair.
 14587 | D:11     | Found Zieducke's Gadget Shop.
 14590 | D:11     | Noticed a cyclops
 14821 | D:11     | Killed a cyclops
 14946 | D:11     | Noticed a cyclops
 14959 | D:11     | Killed a cyclops
 15242 | D:11     | Found a staircase to the Orcish Mines.
 15252 | D:11     | Noticed a death yak
 15252 | D:11     | Reached ***** piety under the Shining One
 15253 | D:11     | Found a huge runed translucent gate.
 15253 | D:11     | Found a huge runed translucent gate.
 15253 | D:11     | Found a huge runed translucent gate.
 15254 | D:11     | Found a huge runed translucent gate.
 15254 | D:11     | Noticed a manticore
 15314 | D:11     | Noticed a death yak
 15397 | D:11     | Found Senewka's Food Shoppe.
 15417 | D:11     | Found Caec's Antique Armour Shoppe.
 15728 | D:4      | Bought a pair of ancient boots for 237 gold pieces
 15738 | D:4      | Identified the +2 pair of boots of Taurch {+Inv rN++ MP+9
                  | Int-5} (You bought it in a shop on level 4 of the Dungeon)
 15900 | D:11     | Bought a pitted chain mail for 190 gold pieces
 15910 | D:11     | Identified the cursed +1 chain mail "Cirokk" {Regen+ rCorr
                  | Int+3} (You bought it in a shop on level 11 of the Dungeon)
 15953 | Lair:1   | Entered Level 1 of the Lair of Beasts
 15967 | Lair:1   | Noticed an eight-headed hydra
 15980 | Lair:1   | Killed an eight-headed hydra
 15980 | Lair:1   | Reached skill level 10 in Fighting
 15980 | Lair:1   | Reached XP level 12. HP: 89/106 MP: 18/18
 16760 | Lair:2   | Noticed a catoblepas
 16781 | Lair:2   | Killed a catoblepas
 17026 | Lair:2   | Found a hole to the Spider Nest.
 17068 | Lair:2   | Noticed a four-headed hydra
 17088 | Lair:2   | Killed a four-headed hydra
 17977 | Lair:3   | Noticed a six-headed hydra
 17996 | Lair:3   | Reached skill level 10 in Armour
 17997 | Lair:3   | Killed a six-headed hydra
 17997 | Lair:3   | Reached skill level 1 in Maces & Flails
 19184 | Lair:4   | Found a gate leading to a gauntlet.
 19210 | Gauntlet | Entered a Gauntlet
 19210 | Gauntlet | Found a transporter.
 19222 | Gauntlet | Found a transporter.
 19223 | Gauntlet | Found a transporter.
 19232 | Gauntlet | Found a transporter.
 19234 | Gauntlet | Found a transporter.
 19235 | Gauntlet | Found a transporter.
 19243 | Gauntlet | Found a transporter.
 19246 | Gauntlet | Found a transporter.
 19247 | Gauntlet | Found a transporter.
 19258 | Gauntlet | Found a transporter.
 19259 | Gauntlet | Found a transporter.
 19259 | Gauntlet | Found a transporter.
 19265 | Gauntlet | Found a runed translucent gate.
 19265 | Gauntlet | Found a runed translucent gate.
 19265 | Gauntlet | Found a runed translucent gate.
 19267 | Gauntlet | Found a transporter.
 19292 | Gauntlet | Found a runed translucent door.
 19327 | Gauntlet | Found a transporter.
 19360 | Gauntlet | Reached ****** piety under the Shining One
 19394 | Gauntlet | Reached skill level 10 in Invocations
 19450 | Gauntlet | Reached XP level 13. HP: 105/116 MP: 20/20
 19643 | Gauntlet | Identified the +6 war axe of Anguish {antimagic, Int+4
                  | Dex+3}
 19643 | Gauntlet | Identified the +8 steam dragon scales of Filth {*Corrode
                  | rElec rPois Int-2}
 19643 | Gauntlet | Noticed a minotaur
 19662 | Gauntlet | Killed a minotaur
 19695 | Gauntlet | Identified the Tome of Clay and Heat
 20846 | Lair:4   | Found a staircase to the Swamp.
 21477 | Lair:5   | Found a viscous altar of Jiyva.
 21478 | Lair:5   | Found a staircase to the Slime Pits.
 21748 | Lair:6   | Entered Level 6 of the Lair of Beasts
 21988 | Lair:6   | Reached skill level 5 in Shields
 23243 | Lair:6   | Reached XP level 14. HP: 116/127 MP: 22/22
 23395 | Lair:6   | Noticed a dire elephant
 23395 | Lair:6   | Noticed a dire elephant
 23411 | Lair:6   | Killed a dire elephant
 23421 | Lair:6   | Killed a dire elephant
 23425 | Lair:6   | Noticed a dire elephant
 23433 | Lair:6   | Killed a dire elephant
 23457 | Lair:6   | Noticed a dire elephant
 23464 | Lair:6   | Killed a dire elephant
 23545 | Lair:6   | Identified the Disquisition on Cankerous Shape Shifting
 23767 | Orc:1    | Entered Level 1 of the Orcish Mines
 24302 | Orc:2    | Entered Level 2 of the Orcish Mines
 24302 | Orc:2    | Found a bloodstained altar of Trog.
 24619 | Orc:2    | Found a staircase to the Elven Halls.
 24943 | Orc:2    | Paralysed by an orc sorcerer for 2 turns
 26028 | Orc:2    | Found Bagu's Magic Scroll Shop.
 26032 | Orc:2    | Found Zimugium's Antique Armour Shoppe.
 26038 | Orc:2    | Found Allussif's Antique Weapon Shoppe.
 26040 | Orc:2    | Found Wipist's Magic Scroll Shop.
 26058 | Orc:2    | Bought a scroll of identify for 26 gold pieces
 26058 | Orc:2    | Bought a scroll of immolation for 45 gold pieces
 26058 | Orc:2    | Bought a scroll of blinking for 97 gold pieces
 26058 | Orc:2    | Bought a scroll of blinking for 97 gold pieces
 26058 | Orc:2    | Bought a scroll of torment for 97 gold pieces
 26058 | Orc:2    | Bought a scroll of amnesia for 45 gold pieces
 26070 | Orc:2    | Bought a scroll of identify for 32 gold pieces
 26070 | Orc:2    | Bought a scroll of identify for 32 gold pieces
 26070 | Orc:2    | Bought a scroll of identify for 32 gold pieces
 26070 | Orc:2    | Bought a scroll of silence for 120 gold pieces
 26070 | Orc:2    | Bought a scroll of identify for 32 gold pieces
 26070 | Orc:2    | Bought a scroll of identify for 32 gold pieces
 26533 | D:12     | Noticed Gastronok
 26547 | D:12     | Killed Gastronok
 26729 | D:12     | Noticed Kirke
 26856 | D:11     | Killed Kirke
 26955 | D:12     | Reached XP level 15. HP: 139/139 MP: 24/24
 27005 | D:12     | Noticed Jorgrun
 27031 | D:12     | Killed Jorgrun
 27031 | D:12     | Reached skill level 15 in Fighting
 27496 | D:5      | Bought a +0 chain mail of poison resistance for 110 gold
                  | pieces
 27727 | Swamp:1  | Entered Level 1 of the Swamp
 27728 | Swamp:1  | Noticed Frances
 27742 | Swamp:1  | Killed Frances
 30567 | Swamp:2  | Noticed a thorn hunter
 30935 | Swamp:2  | Killed a thorn hunter
 31744 | Swamp:2  | Reached skill level 5 in Throwing
 31861 | Swamp:2  | Noticed a thorn hunter
 31877 | Swamp:2  | Killed a thorn hunter
 32087 | Swamp:2  | Reached XP level 16. HP: 81/152 MP: 26/26
 34289 | Swamp:3  | Reached skill level 15 in Invocations
 34889 | Spider:1 | Entered Level 1 of the Spider Nest
 38704 | Spider:3 | Reached XP level 17. HP: 121/163 MP: 1/28
 41242 | D:13     | Noticed Maurice
 41255 | D:13     | Reached skill level 15 in Armour
 41260 | D:13     | Killed Maurice
 41461 | D:13     | Found a gate to the Vaults.
 41643 | D:13     | Noticed Snorg
 41689 | D:13     | Killed Snorg
 42906 | D:14     | Got a glittering bone ring
 43693 | D:14     | Identified the ring "Daimmown" {Wiz rElec Slay+2} (You
                  | found it on level 14 of the Dungeon)
 43719 | D:15     | Entered Level 15 of the Dungeon
 43819 | D:15     | Found a frozen archway.
 43829 | IceCv    | Entered an ice cave
 43929 | IceCv    | Reached skill level 10 in Shields
 45135 | D:15     | Reached XP level 18. HP: 176/176 MP: 30/30
 45717 | D:15     | Found a staircase to the Depths.
 46286 | Swamp:4  | Entered Level 4 of the Swamp
 46394 | Swamp:4  | Noticed Bai Suzhen
 46762 | Swamp:4  | Got a decaying rune of Zot
 47475 | Swamp:4  | Killed Bai Suzhen
 47612 | Swamp:4  | Found an ancient bone altar of Kikubaaqudgha.
 48314 | Spider:4 | Entered Level 4 of the Spider Nest
 48707 | Spider:4 | Noticed Aizul
 48730 | Spider:4 | Killed Aizul
 48789 | Spider:4 | Noticed Arachne
 48804 | Spider:4 | Killed Arachne
 49158 | Spider:4 | Got a spiked chain mail
 49159 | Spider:4 | Identified the +1 chain mail of Gesoonnytah {rElec MR+
                  | Int+4} (You found it on level 4 of the Spider Nest)
 49293 | Spider:4 | Identified the +5 tower shield of Tiygu {Int+6 Stlth+}
 49293 | Spider:4 | Noticed Louise
 49336 | Spider:4 | Killed Louise
 50037 | Spider:4 | Reached XP level 19. HP: 124/187 MP: 32/32
 50945 | Spider:4 | Got a gossamer rune of Zot
 51710 | D:4      | Bought a glowing helmet for 187 gold pieces
 51952 | Vaults:1 | Entered Level 1 of the Vaults
 52982 | Vaults:1 | Paralysed by a great orb of eyes for 6 turns
 53537 | Vaults:1 | Paralysed by an ogre mage for 5 turns
 54345 | Vaults:1 | Found Kaefop's Armour Emporium.
 54951 | Vaults:2 | Found Vozeb's Distillery.
 54966 | Vaults:2 | Reached XP level 20. HP: 186/198 MP: 33/33
 55195 | Vaults:2 | Bought a potion of haste for 140 gold pieces
 55195 | Vaults:2 | Bought a potion of might for 56 gold pieces
 55558 | Vaults:2 | Found a staircase to the Crypt.
 56865 | Vaults:2 | Found Teecomu's Magic Scroll Boutique.
 56893 | Vaults:2 | Bought a scroll of fear for 59 gold pieces
 56893 | Vaults:2 | Bought 3 scrolls of identify for 102 gold pieces
 56893 | Vaults:2 | Bought a scroll of enchant weapon for 127 gold pieces
 57336 | Vaults:2 | Reached skill level 15 in Shields
 58360 | Vaults:3 | You fall into a shaft and drop 1 floor!
 58520 | Vaults:3 | Reached XP level 21. HP: 196/209 MP: 35/35
 58669 | Vaults:3 | Found a runed translucent door.
 58671 | Vaults:3 | Noticed corvin's ghost (veteran TrBe)
 59473 | Vaults:3 | Paralysed by a wizard for 2 turns
 60202 | Vaults:3 | Killed corvin's ghost
 60650 | Vaults:4 | Found Qaxkus's Book Shoppe.
 61809 | Vaults:4 | Reached XP level 22. HP: 216/223 MP: 36/36
 62541 | Crypt:1  | Entered Level 1 of the Crypt
 63099 | Crypt:1  | Noticed Mara
 63101 | Crypt:1  | Noticed AlexTheUnready's illusion
 63116 | Crypt:1  | Noticed Donald
 63125 | Crypt:1  | Killed Mara
 63130 | Crypt:1  | Killed Donald
 64277 | Crypt:2  | Reached XP level 23. HP: 236/236 MP: 37/37
 64327 | Crypt:2  | Identified Sif Muna's Handbook of Lightness and Protection
 64651 | Crypt:3  | Entered Level 3 of the Crypt
 64979 | Crypt:3  | Found an ancient bone altar of Kikubaaqudgha.
 65191 | Crypt:3  | Identified the Incunabulum of Levity
 65205 | Crypt:3  | Got a heavily runed platinum ring
 65205 | Crypt:3  | Got a slimy glass ring
 65209 | Crypt:3  | Identified the ring of Jonwiamy {rN+ Dex-2 Slay+2 Stlth+}
                  | (You found it on level 3 of the Crypt)
 65210 | Crypt:3  | Identified the ring "Launt" {rF+ rN+ Int+2} (You found it
                  | on level 3 of the Crypt)
 65395 | Crypt:3  | Noticed Jory
 65408 | Crypt:3  | Killed Jory
 65499 | Crypt:3  | Reached skill level 27 in Fighting
 65631 | Crypt:3  | Found a staircase to the Tomb.
 65835 | Crypt:3  | Got a shimmering broad axe
 65836 | Crypt:3  | Identified the cursed +1 broad axe "Fosuaroank" {venom,
                  | Str+4 Int+3} (You found it on level 3 of the Crypt)
 66224 | Elf:1    | Entered Level 1 of the Elven Halls
 67122 | Elf:1    | Got a scorched jade amulet
 67831 | Elf:1    | Identified the amulet "Zelilaqe" {Spirit rElec rPois rC+
                  | Slay+2} (You found it on level 1 of the Elven Halls)
 67922 | Elf:2    | Reached XP level 24. HP: 249/249 MP: 38/38
 67968 | Elf:2    | Paralysed by a floating eye for 2 turns
 67995 | Elf:2    | Paralysed by a floating eye for 3 turns
 68096 | Elf:2    | Paralysed by a floating eye for 4 turns
 68523 | Elf:2    | Found a runed translucent gate.
 68523 | Elf:2    | Found a runed translucent gate.
 68534 | Elf:2    | Found a runed translucent gate.
 69304 | Elf:3    | Entered Level 3 of the Elven Halls
 69920 | Elf:3    | Found Acussar's Book Shoppe.
 70676 | Elf:3    | Identified the ring "Exeoxev" {+Inv rC+ rN+ Int+3 SInv}
 70921 | Elf:3    | Identified a +5 executioner's axe of holy wrath (a +3
                  | executioner's axe of pain blessed by the Shining One)
 70921 | Elf:3    | Received a gift from the Shining One
 70976 | Elf:3    | Identified the +7 spear of the Vestibule of Hell {flame,
                  | +Fly rF+}
 70976 | Elf:3    | Identified the ring "Guza" {+Inv MR+ SInv Stlth+}
 70998 | Elf:3    | Identified the Guide on the Shifting Arsonist
 71062 | Elf:3    | Identified the Papyrus of Lightness
 71119 | Elf:3    | Got brightly glowing fire dragon scales
 71180 | Elf:3    | Identified the +1 fire dragon scales of Courage {rF++ rC-
                  | rN+++ MR- rCorr Dex-4} (You found it on level 3 of the
                  | Elven Halls)
 71487 | Depths:1 | Entered Level 1 of the Depths
 71729 | Depths:1 | Found a gateway to a ziggurat.
 71849 | Depths:1 | Found a one-way gate to the infinite horrors of the Abyss.
 71850 | Depths:1 | Found a corrupted altar of Lugonu.
 71854 | Depths:1 | Identified the ring of Mirth {Int+4 Dex+6}
 71876 | Depths:1 | Reached XP level 25. HP: 252/257 MP: 39/39
 72116 | Depths:1 | Found the +27 Lear's hauberk
 73423 | Depths:1 | Found a gateway to Hell.
 73590 | Depths:2 | Noticed Nikola
 73641 | Depths:1 | Killed Nikola
 74686 | Depths:2 | Found Vustunno's Jewellery Shop.
 74686 | Depths:2 | Found Veump's Gadget Emporium.
 74687 | Depths:2 | Found Qoffial's Jewellery Shop.
 76643 | Depths:3 | Found a one-way gate leading to the halls of Pandemonium.
 76830 | Depths:3 | Reached XP level 26. HP: 211/266 MP: 39/39
 78521 | Depths:3 | Gained mutation: You occasionally shout uncontrollably at
                  | your foes. [a cacodemon]
 78523 | Depths:3 | Identified a scroll of acquirement
 78943 | Depths:3 | Acquired 1310 gold pieces
 80105 | Depths:4 | Found Jixeugeg's Food Shop.
 80796 | Depths:4 | Found Keotac's Magic Scroll Boutique.
 80797 | Depths:4 | Found Hoiqilir's Distillery.
 80797 | Depths:4 | Found Ycadaf's Antique Armour Boutique.
 80802 | Depths:4 | Bought a scroll of enchant weapon for 127 gold pieces
 80802 | Depths:4 | Bought a scroll of enchant weapon for 127 gold pieces
 80802 | Depths:4 | Bought a scroll of identify for 34 gold pieces
 80804 | Depths:4 | Found Pegiyt Mafo's General Store.
 80807 | Depths:4 | Bought a pair of distressingly furry gloves for 361 gold
                  | pieces
 80813 | Depths:4 | Bought a potion of heal wounds for 75 gold pieces
 80813 | Depths:4 | Bought a potion of haste for 150 gold pieces
 80813 | Depths:4 | Bought a potion of haste for 150 gold pieces
 80813 | Depths:4 | Bought a potion of haste for 150 gold pieces
 80813 | Depths:4 | Bought a potion of cancellation for 120 gold pieces
 80813 | Depths:4 | Identified the cursed +0 pair of gloves "Geink" {+Inv
                  | Int+4} (You bought it in a shop on level 4 of the Depths)
 81114 | Depths:5 | Entered Level 5 of the Depths
 81126 | Depths:5 | Reached XP level 27. HP: 262/273 MP: 40/40
 81789 | Depths:5 | Found Buseda's General Store.
 81861 | Depths:5 | Bought 3 javelins for 57 gold pieces
 82055 | Depths:5 | Found a gate to the Realm of Zot.
 82083 | Depths:5 | Found a shattered altar of Ashenzari.
 82321 | Depths:5 | Found Asuyshriciwe's General Store.
 82477 | Depths:5 | Found Duseimn's Weapon Shoppe.
 83071 | Vaults:5 | Entered Level 5 of the Vaults
 84514 | Vaults:4 | Reached skill level 27 in Invocations
 84953 | Vaults:5 | Paralysed by a floating eye for 4 turns
 85471 | Vaults:5 | Got a silver rune of Zot
 85931 | Vaults:5 | Identified the Volume of Feathers and Ice
 86007 | Vaults:5 | Found Ipsam's Magic Scroll Shoppe.
 86018 | Vaults:5 | Bought a scroll of holy word for 180 gold pieces
 86044 | Vaults:5 | Noticed Xtahua
 86061 | Vaults:5 | Killed Xtahua
 86563 | Vaults:5 | Identified Utaanit's Tome of Shifting Boosts
 87778 | Zot:1    | Entered Level 1 of the Realm of Zot
 91511 | Zot:3    | Reached skill level 10 in Throwing
 92145 | Zot:3    | Noticed an orb of fire
 92156 | Zot:3    | Gained mutation: You tend to lose your temper in combat.
                  | [an orb of fire]
 92158 | Zot:3    | Gained mutation: Your movements are slightly less
                  | encumbered by armour. (ER -2) [an orb of fire]
 92165 | Zot:3    | Killed an orb of fire
 93957 | Zot:5    | Entered Level 5 of the Realm of Zot
 95464 | Zot:5    | Reached skill level 27 in Armour
 95727 | Zot:5    | Noticed an orb of fire
 95744 | Zot:5    | Gained mutation: You are robust. (+10% HP) [an orb of fire]
 95755 | Zot:5    | Gained mutation: Armour fits poorly on your strangely
                  | shaped body. [an orb of fire]
 96098 | Zot:5    | Noticed an orb of fire
 96099 | Zot:5    | Noticed an ancient lich
 96102 | Zot:5    | Noticed an orb of fire
 96117 | Zot:4    | Gained mutation: You are clumsy. (Dex -2) [an orb of fire]
 96120 | Zot:4    | Gained mutation: Your body sometimes deteriorates upon
                  | taking damage. [an orb of fire]
 96123 | Zot:4    | Killed an orb of fire
 96608 | Zot:5    | Noticed an ancient lich
 96613 | Zot:5    | Noticed an ancient lich
 96618 | Zot:5    | Killed an orb of fire
 96619 | Zot:5    | Gained mutation: Your body often deteriorates upon taking
                  | damage. [an orb of fire]
 96627 | Zot:5    | Killed an orb of fire
 96627 | Zot:5    | Killed an ancient lich
 96629 | Zot:5    | Killed an ancient lich
 96639 | Zot:5    | Killed an ancient lich
 96652 | Zot:5    | Noticed an ancient lich
 96666 | Zot:5    | Killed an ancient lich
 96716 | Zot:5    | Identified the +10 dagger "Kixkupa" {vorpal, rF+ Dex+4}
 96868 | Zot:5    | Got the Orb of Zot
 96881 | Zot:5    | Noticed Esueng the pandemonium lord
 96888 | Zot:5    | Killed Esueng the pandemonium lord
 97356 | D:11     | Noticed Kibyneumpy the pandemonium lord
 97366 | D:11     | Killed Kibyneumpy the pandemonium lord
 97435 | D:7      | Noticed Biassi the pandemonium lord
 97451 | D:7      | Killed Biassi the pandemonium lord
 97547 | D:7      | Reached skill level 15 in Throwing
 97810 | D:1      | Lost mutation: You tend to lose your temper in combat.
                  | [potion of mutation]
 97810 | D:1      | Lost mutation: You are robust. (+10% HP) [potion of
                  | mutation]
 97810 | D:1      | Lost mutation: You are clumsy. (Dex -2) [potion of
                  | mutation]
 97810 | D:1      | Lost mutation: You occasionally shout uncontrollably at
                  | your foes. [potion of mutation]
 97810 | D:1      | Gained mutation: You passively map a small area around you.
                  | [potion of mutation]
 97810 | D:1      | Gained mutation: Your mind is acute. (Int +2) [potion of
                  | mutation]
 97811 | D:1      | Lost mutation: Your body often deteriorates upon taking
                  | damage. [potion of mutation]
 97811 | D:1      | Lost mutation: Your body sometimes deteriorates upon taking
                  | damage. [potion of mutation]
 97811 | D:1      | Lost mutation: Your mind is acute. (Int +2) [potion of
                  | mutation]
 97811 | D:1      | Lost mutation: Your movements are slightly less encumbered
                  | by armour. (ER -2) [potion of mutation]
 97811 | D:1      | Gained mutation: You are dopey. (Int -2) [potion of
                  | mutation]
 97811 | D:1      | Gained mutation: Scrolls take you a little longer to read.
                  | [potion of mutation]
 97811 | D:1      | Gained mutation: You do not regenerate when monsters are
                  | visible. [potion of mutation]
 97811 | D:1      | Gained mutation: You are partially covered in slimy green
                  | scales. (AC +2) [potion of mutation]
 97813 | D:$      | Escaped with the Orb!

Illustrated notes

Levels and vault maps discovered:
D:1:      wheals_arrival_linesprint, layout_basic, lemuel_old_faithful
D:2:      layout_basic, riverfiend_overflow_shadow_ancestor,
          nicolae_gozag_seed_capital, minmay_heptomino_o4
D:3:      layout_basic, xom_teletrap_fun, first_ration, minmay_statues_item,
          nicolae_qazlal_general_emergency
D:4:      layout_basic, minmay_temple_entry_butterflies, serial_shops,
          kennysheep_mini, guppyfry_early_lair_pool
D:5:      black_bear_nest_1, layout_loops_ring, kennysheep_mini_moat,
          serial_shops, shop, basic_altar, minmay_shop_grid_forest,
          hangedman_feature_mirror
D:6:      layout_loops_ring, lemuel_round_altar, portal_sewer_entry_d,
          uniq_crazy_yiuf_cottage, uniq_eustachio
D:7:      layout_basic, yredelemnul_forgotten_temple_becter, grunt_ministairs_11
D:8:      layout_loops_ring, eat_drink_and_be_merry_uskayaw,
          gammafunk_temple_overflow_elements, elyvilon_altar_5, uniq_psyche,
          uniq_maggie, uniq_prince_ribbit1
D:9:      layout_small_grid, lemuel_round_altar, serial_shops,
          nicolae_shop_trees, hangedman_little_slice_of_home, uniq_erolcha
D:10:     layout_roguey
D:11:     lemuel_bear_cage, layout_rooms, lair_entry_dummy, david_orc_2,
          serial_shops, nicolae_shop_competitors_out_of_business,
          nicolae_shop_statue_plus, nicolae_shop_behind_doors,
          nicolae_shop_crystal
D:12:     layout_loops_cross, uniq_jorgrun, uniq_gastronok, uniq_kirke
D:13:     layout_loops_cross, erik_vaults_2, uniq_snorg, uniq_maurice
D:14:     minmay_opposing_rooms, layout_layer_cave, abandoned_shop
D:15:     grunt_enter_depths_hoard, layout_cave_pools,
          portal_ice_cave_entry_pillars_2, chequers_serial_rivers_large_a,
          minmay_between
Temple:   compressed_dpeg_circular_temple
Lair:1:   layout_loops_ring, grunt_megastairs_3
Lair:2:   layout_loops_ring, spider_nest_entry_a, serial_bayou_shore_a
Lair:3:   layout_loops_ring, hibernation_bobbens
Lair:4:   layout_roguey, palyth_hydra_swamp_entry, gauntlet_entry_generic,
          chequers_serial_rivers_micro_b, grunt_megastairs_5
Lair:5:   layout_big_grid, dpeg_slime_entry_enclosed_altar, lemuel_fruit_fields,
          infiniplex_staircase_pool
Lair:6:   due_jungle_book, layout_loops_ring, chequers_serial_rivers_small_3
Swamp:1:  layout_basic_swamp, nicolae_swamp_fairy_circle, uniq_frances
Swamp:2:  layout_basic_swamp, hangedman_swamp_lotus
Swamp:3:  layout_falls_marsh, nicolae_swamp_trees_clearing
Swamp:4:  swamp_alternative, layout_basic_swamp, swamp_pool1, grunt_ruined_hall,
          uniq_bai_suzhen
Spider:1: layout_spider_delve, drop_trap
Spider:2: layout_spider_delve
Spider:3: layout_chambers
Spider:4: grunt_spider_rune_parallel, uniq_aizul, uniq_louise, uniq_arachne
Orc:1:    layout_diamond_mine
Orc:2:    st_orc_elflike, layout_diamond_mine, basic_altar
Elf:1:    layout_onion_city, hangedman_elven_crosses_minicolossus
Elf:2:    layout_geoelf_grid, onia_ninara_cookie
Elf:3:    minmay_elf_hall_x, layout_rooms, serial_shops, shop,
          roderic_lattice_octagonal_star
Vaults:1: v_pattern_4, v_misc_26, nicolae_vaults_arrows,
          ontoclasm_vaults_claustrophobia, nicolae_vaults_network_barrier,
          nicolae_vaults_little_ls, vaults_room_pools,
          grunt_vaults_hallway_short, layout_vaults_chaotic_city, serial_shops,
          shop
Vaults:2: nicolae_vaults_little_squares_5, v_misc_29,
          nicolae_vaults_little_squares_1, nicolae_vaults_little_squares_1,
          vaults_room_mumra_shop_pool, nicolae_vaults_branching_niches,
          vaults_room_fours, nicolae_vaults_network_periphery,
          ontoclasm_vaults_eye, nicolae_vaults_little_squares_2,
          minmay_crypt_entry_simple_round, vaults_room_semicircle,
          ontoclasm_vaults_idyll, nicolae_vaults_yaktaur_gun_rack,
          dpeg_vaults_monster_box, layout_vaults_omnicross, serial_shops,
          shop_fountains
Vaults:3: ebering_vaults_ghost_inner_flame, vaults_room_pool,
          ontoclasm_vaults_twist, hangedman_vaults_stagger, v_rooms_4, st_check,
          ontoclasm_vaults_shuriken, layout_vaults_omnigrid
Vaults:4: st_cells, ontoclasm_vaults_ring_square, grunt_vaults_hallway_long,
          nicolae_vaults_little_squares_4, v_misc_28,
          vaults_room_stairs_pillars, v_alt_pattern_3,
          vaults_mumra_minichess_inversion, v_misc_9, v_alt_pattern_6,
          ontoclasm_vaults_gateway, nicolae_vaults_shelves_hall,
          layout_vaults_ring, serial_shops, shop
Vaults:5: uniq_xtahua
Crypt:1:  layout_chaotic_city, uniq_mara, uniq_donald
Crypt:2:  layout_chaotic_city, serial_glass, glass_columns_a, glass_columns_c,
          glass_columns_a, glass_columns_a, glass_columns_b, glass_columns_a,
          st_chilly_death
Crypt:3:  grunt_crypt_end_deaths_head
Depths:1: layout_basic, enter_ziggurat_d, roderic_lattice_a, lightli_too_deep,
          abyss_entry_flame_altar, drop_trap, chequers_serial_rivers_small_b,
          hangedman_abyss_or_decor_stagger, statue_in_the_mist_lemuel,
          horrible_house_mu
Depths:2: lemuel_castle_with_subvaults [lemuel_castle_interior_carwin_3],
          layout_cave_pools, grunt_hell_entry_dis_mu, columned_hall_lemuel,
          minmay_staircase_windowed_large, minmay_shop_grove, uniq_nikola
Depths:3: grunt_runaround [grunt_runaround_doors_1, grunt_runaround_doors_2,
          grunt_runaround_doors_3, grunt_runaround_doors_4,
          grunt_runaround_loot], hell_entry, pan_entry
Depths:4: minmay_bloctagon_deflated, layout_gridlike, serial_shops, shop,
          hell_entry, abyss_entry, pan_entry, minmay_protected_statue,
          infiniplex_staircase_door_maze, minmay_shoptagon, grunt_megastairs_2
Depths:5: evilmike_zot_entry_basic, layout_gridlike, pf_coc_iceberg,
          lemuel_round_altar, serial_shops, shop, nicolae_shop_window_shopping,
          nicolae_shop_waterfront, serial_bayou_shore_b
Zot:1:    lemuel_draconian_sentries, layout_misc_corridors
Zot:2:    layout_onion
Zot:3:    layout_twisted_circle, st_stairs_14, lemuel_elevator
Zot:4:    layout_gridlike
Zot:5:    layout_onion

Skill      XL: |  1  2  3  4  5  6  7  8  9 10 11 12 13 14 15 16 17 18 19 20 21 22 23 24 25 26 27 |
---------------+----------------------------------------------------------------------------------+-----
Throwing       | 2 3 4 5 6 7 8 15 | 15.1
Axes           | 5 6 7 8 9 11 13 14 16 17 | 17.9
Armour         | 1 2 3 4 6 8 9 10 11 12 13 14 15 16 17 18 19 21 23 25 27 | 27.0
Fighting       | 3 4 5 6 7 8 10 11 12 14 16 17 19 20 21 22 24 25 27 | 27.0
Shields        | 1 2 3 4 5 6 7 9 10 11 13 15 25 | 25.0
Invocations    | 2 5 8 10 11 13 14 15 16 18 19 20 21 22 24 26 27 | 27.0
Maces & Flails | 1 2 |  2.0
Dodging        | |  2.4

Action                   |  1- 3 |  4- 6 |  7- 9 | 10-12 | 13-15 | 16-18 | 19-21 | 22-24 | 25-27 || total
-------------------------+-------+-------+-------+-------+-------+-------+-------+-------+-------++-------
Melee: War axe           |    68 |   240 |   306 |   559 |    13 |   161 |       |       |       ||  1347
       Flail             |       |       |       |    11 |     6 |       |       |       |       ||    17
       Broad axe         |       |       |       |   144 |  1101 |  1460 |  1544 |  1474 |  2870 ||  8593
       Unarmed           |       |       |       |       |     5 |       |       |       |       ||     5
Throw: Dart              |       |       |    11 |    17 |    58 |     4 |       |       |       ||    90
       Throwing net      |       |       |       |     3 |       |       |       |       |       ||     3
       Boomerang         |       |       |       |    10 |    28 |    98 |    17 |     4 |    17 ||   174
       Javelin           |       |       |       |       |       |       |    12 |     3 |     3 ||    18
Invok: Divine Shield     |       |       |     2 |     1 |     2 |     2 |     1 |     2 |     4 ||    14
       Summon Divine War |       |       |       |       |     4 |     4 |     1 |     1 |     7 ||    17
       Cleansing Flame   |       |       |       |       |     4 |     6 |     7 |       |    17 ||    34
       Brand Weapon With |       |       |       |       |       |       |       |     1 |       ||     1
Evoke: Wand              |       |       |       |    16 |    15 |     8 |       |       |    12 ||    51
  Use: Potion            |     2 |       |     3 |     1 |     3 |     1 |     2 |       |     8 ||    20
       Scroll            |       |     6 |     5 |     5 |    14 |     6 |     6 |    12 |    28 ||    82
  Eat: Chunk             |     1 |    11 |     7 |    23 |    32 |    41 |    23 |    28 |    61 ||   227
       Ration            |       |     1 |     2 |     2 |     3 |     6 |     5 |     2 |     8 ||    29
Armor: Leather armour    |    44 |    44 |       |       |       |       |       |       |       ||    88
       Scale mail        |       |    48 |    33 |       |       |       |       |       |       ||    81
       Chain mail        |       |       |   102 |   295 |   428 |   730 |       |       |       ||  1555
       Skin              |       |       |     3 |       |       |       |       |       |       ||     3
       Storm dragon scal |       |       |       |       |       |   173 |   447 |   465 |   759 ||  1844
       Gold dragon scale |       |       |       |       |       |       |       |       |   538 ||   538
Dodge: Dodged            |    82 |   159 |    89 |   264 |   462 |   809 |   197 |   164 |   489 ||  2715
Block: Buckler           |       |       |    15 |   136 |   213 |   425 |       |       |       ||   789
       Tower shield      |       |       |       |       |       |    80 |  1613 |  1524 |  3348 ||  6565
